 Dungeon Crawl Stone Soup version 0.27.1-33-g824d729ab1 (webtiles) character file.

Game seed: 4729336479304167771

2702 comborobin the Carver (level 9, -12/59 HPs)
             Began as an Octopode Brigand on Dec 29, 2021.
             Was a Follower of Cheibriados.
             Mangled by a two-headed ogre (24 damage)
             ... on level 7 of the Dungeon.
             The game lasted 00:08:44 (5680 turns).

comborobin the Carver (Octopode Brigand)            Turns: 5680, Time: 00:08:45

Health: -12/59     AC: 13    Str: 15    XL:     9   Next: 65%
Magic:  9/9        EV: 12    Int: 19    God:    Cheibriados [*.....]
Gold:   322        SH:  0    Dex: 14    Spells: 8/8 levels left

rFire    + . .     SeeInvis .   c - +12 quarterstaff of Peace {protect, rPois rCorr Str+3}
rCold    . . .     Faith    .   (shield currently unavailable)
rNeg     . . .     Spirit   .   (helmet restricted)
rPois    +         Reflect  .   o - amulet of magic regeneration
rElec    .         Harm     .   m - ring of poison resistance
rCorr    +         Rampage  .   h - +4 ring of protection
Will     .....                  (no ring)
Stlth    ++++......             (no ring)
HPRegen  1.19/turn              (no ring)
MPRegen  0.36/turn              (no ring)
                                (no ring)
                                (no ring)

@: under a protective aura, very slow
A: almost no armour, amphibious, 8 rings, camouflage 1, gelatinous body 1,
(nimble swimmer 1), tentacles, tentacle spike 1, clumsy 1, fire resistance 1,
frail 1, regeneration 1, shaggy fur 1, weak 1
a: Renounce Religion, Bend Time


You were on level 7 of the Dungeon.
You worshipped Cheibriados.
Cheibriados was aware of your devotion.
You visited 2 branches of the dungeon, and saw 9 of its levels.

You collected 352 gold pieces.
You spent 30 gold pieces at shops.

Inventory:

Hand Weapons
 a - a +2 dagger
 c - the +12 quarterstaff of Peace (weapon) {protect, rPois rCorr Str+3}
   (You took it off an orc on level 7 of the Dungeon)

   It grants its wielder temporary protection when it strikes (+7 to AC).
   Str:       It affects your strength (+3).
   rPois:     It protects you from poison.
   rCorr:     It protects you from acid and corrosion.
 l - a +0 scimitar
 n - a +1 short sword of distortion
Missiles
 b - 31 poisoned darts (quivered)
 p - 3 curare-tipped darts
 t - a throwing net
Jewellery
 h - a +4 ring of protection (right tentacle)
 m - a ring of poison resistance (left tentacle)
 o - an amulet of magic regeneration (around mantle)
Scrolls
 d - a scroll of identify
 e - 2 scrolls of enchant armour
 r - a scroll of torment
Potions
 f - 3 potions of curing {unknown}
 k - a potion of ambrosia {unknown}


   Skills:
 - Level 8.1 Fighting
 - Level 3.1(6.7) Short Blades
 - Level 9.4(9.6) Long Blades
 + Level 2.7 Staves
 - Level 2.0 Throwing
 - Level 1.0 Dodging
 - Level 5.3 Stealth


You had 8 spell levels left.
You didn't know any spells.
Your spell library contained the following spells:

 Spells                   Type           Power      Damage    Failure   Level
 Magic Dart               Conj           0%         1d3       21%         1
 Searing Ray              Conj           0%         3d3       30%         2
 Call Canine Familiar     Summ           0%         N/A       52%         3
 Portal Projectile        Hex/Tloc       0%         N/A       52%         3
 Fulminant Prism          Conj/Hex       0%         3d6       90%         4
 Leda's Liquefaction      Hex/Erth       0%         N/A       90%         4


Dungeon Overview and Level Annotations

Branches:
Dungeon (8/15)             Temple (1/1) D:4
   Lair: D:8-11

Altars:
Ashenzari
Cheibriados
Dithmenos
Elyvilon
Fedhas
Gozag
Hepliaklqana
Kikubaaqudgha
Makhleb
Nemelex Xobeh
Okawaru
Qazlal
Ru
Sif Muna
Trog
Uskayaw
Vehumet
Wu Jian
Xom
Yredelemnul
Zin
The Shining One

Shops:
D:2 !   D:4 **[   D:5 ?


Innate Abilities, Weirdness & Mutations

You cannot wear most types of armour.
You are amphibious.
You can wear up to eight rings at the same time.
Your skin changes colour to match your surroundings (Stealth+).
Your rubbery body absorbs attacks. (AC +1, EV +1)
((You are camouflaged near water. (Stealth+)))
You have tentacles for arms and can constrict up to eight enemies at once.
One of your tentacles bears a spike.
You are clumsy. (Dex -2)
Your flesh is heat resistant. (rF+)
You are frail. (-10% HP)
Your natural rate of healing is unusually fast.
You are covered in fur. (AC +1)
You are weak. (Str -2)


Message History

The bullfrog closely misses you.
Things that are here:
a +0 club; an orc corpse The bullfrog misses you.
You bludgeon the bullfrog!!
Your weapon exudes an aura of protection.
You kill the bullfrog!
Cheibriados thoroughly appreciates the change of pace.
The orc hits you from afar with a +0 scythe.
The orc barely misses you.
A two-headed ogre comes into view.
It is wielding a +0 giant club and a +0 giant spiked club.
Things that are here:
a +0 club; an orc corpse You barely miss the orc.
Your grab misses the orc.
The orc zaps a wand.
Your mind is blasted!
The orc hits you with a +0 scythe!
You barely miss the orc. You grab the orc.
You constrict the orc, but do no damage.
The orc misses you.
You sock the orc!
Your weapon exudes an aura of protection.
You kill the orc!
Cheibriados appreciates the change of pace.
Cheibriados raises the support of your attributes as your movement slows.
Okay, then.
You aren't carrying any items that you can evoke.
Unknown command.
Okay, then.
You sock the two-headed ogre!
You pierce the two-headed ogre, but do no damage.
The two-headed ogre is lightly wounded.
The two-headed ogre hits you with a +0 giant club!!
* * * LOW HITPOINT WARNING * * *
The two-headed ogre closely misses you.
You hear an angry hiss.
You sock the two-headed ogre!
You pierce the two-headed ogre.
You squeeze the two-headed ogre!
The two-headed ogre is heavily wounded.
You hear a shout!
The two-headed ogre hits you with a +0 giant club!!
You die...

#####****
##############>..#...**
#...Z.................*
#..####################* ***
#..#.♣.♣.#♣♣..,,,,,,,,.♣♣ *,*
#..#♣.♣.♣♣♣.###########.♣♣♣♣.♣*
#...o♣.♣).÷).)...)÷...).....♣,,
##.#♣F♣.♣♣♣.###########.♣♣♣♣.♣*
#.#.♣.♣)#♣♣..@Oog.....♣♣ *,*
#.####### #####♣.♣##### *** ###
*,* *******.♣****** **,** *,*
*,,,,,,♣.,,,,,***,≈,* **,**
*,≈,,,**#.,,≈,**,≈≈≈, *,,,*
*,,,,,*,*..,,,***,≈,*
**,,,***,,,,,*,*,o.,,* **,**
*,,,,,**,,,,,,,,,...,***,*,*
*,,,,,**,***,,,,,***,**,≈≈≈,


You could see a two-headed ogre, a gnoll sergeant and an orc priest.

Vanquished Creatures
  A two-headed ogre (D:7)
  A gargoyle (D:7)
  A wraith (D:7)
  A water moccasin (D:8)
  2 ice beasts
  A necrophage (D:4)
  2 ogres
  2 kobold brigands (D:7)
  3 bullfrogs (D:7)
  4 howler monkeys
  2 jellies (D:7)
  A bullfrog zombie (D:5)
  A centaur zombie (D:6)
  An orc priest (D:7)
  A hound (D:5)
  A gnoll shaman (D:7)
  A bullfrog skeleton (D:4)
  Natasha (thrice) (D:2)
  2 orc wizards
  A hound zombie (D:5)
  2 howler monkey skeletons (D:7)
  3 gnolls (D:5)
  4 adders
  4 shadow imps
  A white imp (D:7)
  An ufetubus (D:4)
  4 worms
  19 orcs
  3 bats
  5 endoplasms
  2 giant cockroaches (D:2)
  4 goblins
  6 hobgoblins
  2 jackals (D:2)
  7 kobolds
  3 quokkas
  A ball python (D:3)
  3 frilled lizards
  3 rats
109 creatures vanquished.

Vanquished Creatures (others)
  15 fungi (D:4)
  48 plants (D:7)
63 creatures vanquished.

Grand Total: 172 creatures vanquished

Notes
Turn   | Place    | Note
-------+----------+-------------------------------------------
     0 | D:1      | comborobin the Octopode Brigand began the quest for the
                  | Orb.
     0 | D:1      | Reached XP level 1. HP: 14/14 MP: 1/1
    63 | D:2      | Reached XP level 2. HP: 8/20 MP: 2/2
   612 | D:2      | Reached XP level 3. HP: 13/26 MP: 3/3
   795 | D:2      | Noticed Natasha
   802 | D:2      | HP: 1/26 [Natasha/puff of flame (12)]
   803 | D:2      | Killed Natasha
  1096 | D:2      | Noticed Natasha
  1127 | D:2      | Killed Natasha
  1128 | D:2      | Reached XP level 4. HP: 20/34 MP: 4/4
  1143 | D:2      | Noticed Natasha
  1166 | D:2      | Killed Natasha
  1459 | D:2      | Found a faded altar of an unknown god.
  1520 | D:2      | Found Gyegaoha's Distillery.
  1524 | D:2      | Bought a potion of lignification for 30 gold pieces
  1726 | D:2      | Reached skill level 5 in Fighting
  1726 | D:2      | Reached XP level 5. HP: 37/39 MP: 5/5
  2578 | D:3      | Gained mutation: You are weak. (Str -2) [potion of
                  | mutation]
  2578 | D:3      | Gained mutation: Your natural rate of healing is unusually
                  | fast. [potion of mutation]
  2578 | D:3      | Gained mutation: Your flesh is heat resistant. (rF+)
                  | [potion of mutation]
  2578 | D:3      | Gained mutation: You are covered in fur. (AC +1) [potion of
                  | mutation]
  2996 | D:4      | Found Viasel's Antique Armour Emporium.
  3073 | D:4      | Noticed an ogre
  3076 | D:4      | Found a blossoming altar of Fedhas.
  3080 | D:4      | Killed an ogre
  3081 | D:4      | Reached XP level 6. HP: 46/46 MP: 6/6
  3090 | D:4      | Noticed a necrophage
  3103 | D:4      | Killed a necrophage
  3502 | D:4      | Found a staircase to the Ecumenical Temple.
  3527 | D:4      | Found Zujuo's Specific Store.
  3529 | D:4      | Found Pirutenn's General Store.
  3762 | D:5      | Entered Level 5 of the Dungeon
  3787 | D:5      | Found Qick's Magic Scroll Emporium.
  3897 | D:5      | Reached XP level 7. HP: 51/54 MP: 7/7
  4347 | D:5      | Reached skill level 1 in Long Blades
  4604 | D:5      | Reached skill level 2 in Long Blades
  4878 | D:6      | Reached skill level 3 in Long Blades
  4932 | Temple   | Entered the Ecumenical Temple
  5044 | Temple   | Became a worshipper of Cheibriados the Contemplative
  5138 | D:6      | You fall into a shaft and drop 2 floors!
  5147 | D:8      | Reached XP level 8. HP: 53/61 MP: 8/8
  5194 | D:7      | Reached skill level 4 in Long Blades
  5225 | D:7      | Reached skill level 5 in Long Blades
  5245 | D:7      | Noticed a two-headed ogre
  5286 | D:7      | Killed a two-headed ogre
  5287 | D:7      | Reached skill level 8 in Long Blades
  5287 | D:7      | Reached XP level 9. HP: 16/66 MP: 9/9
  5424 | D:7      | Noticed a gargoyle
  5442 | D:7      | Killed a gargoyle
  5443 | D:7      | Reached skill level 9 in Long Blades
  5502 | D:7      | Reached * piety under Cheibriados
  5510 | D:7      | Identified the +12 quarterstaff of Peace {protect, rPois
                  | rCorr Str+3}
  5532 | D:7      | Noticed a troll
  5544 | D:7      | Gained mutation: You are frail. (-10% HP) [mutagenic glow]
  5552 | D:7      | Gained mutation: One of your tentacles bears a spike.
                  | [mutagenic glow]
  5567 | D:7      | Gained mutation: You are clumsy. (Dex -2) [mutagenic glow]
  5675 | D:7      | Noticed a two-headed ogre
  5680 | D:7      | Mangled by a two-headed ogre

Illustrated notes

Levels and vault maps discovered:
D:1:      psy_arrival_wood_between_worlds, layout_basic, item_on_display_a
D:2:      layout_basic, serial_shops, shop, shapermc_ecumenical_altar_petra,
          uniq_natasha
D:3:      layout_loops_corners, hangedman_decor_push
D:4:      layout_rooms, fedhas_altar_2, minmay_temple_entry_mist,
          serial_aquarium, aquarium_bridge_long_separate
          [aquarium_subvault_bridge, aquarium_subvault_bridge,
          aquarium_subvault_wall, aquarium_subvault_window,
          aquarium_subvault_bridge, aquarium_subvault_bridge],
          aquarium_bridge_square [aquarium_subvault_bridge,
          aquarium_subvault_balcony, aquarium_subvault_wall,
          aquarium_subvault_window], aquarium_window_1, aquarium_window_3,
          aquarium_window_fake, aquarium_window_fake, aquarium_view_2d,
          aquarium_view_2e, aquarium_balcony_3a, serial_shops,
          nicolae_stop_n_shop_1, nicolae_specific_store
D:5:      layout_cave_pools, serial_shops, shop_coins
D:6:      layout_loops_ring, serial_shops, shop, hex_medium,
          minmay_statues_item, grunt_ministairs_2, minmay_three_doors
D:7:      nzn_winding_woodlands_large [nzn_winding_woodlands_5x5_checkerboard,
          nzn_winding_woodlands_5x15_longhouse, nzn_winding_woodlands_5x5_cross,
          nzn_winding_woodlands_center_garden,
          nzn_winding_woodlands_15x15_five_gardens,
          nzn_winding_woodlands_center_triple_pond,
          nzn_winding_woodlands_5x5_three, nzn_winding_woodlands_5x15_crooked,
          nzn_winding_woodlands_5x5_perimeter], layout_rooms,
          grunt_ministairs_13
D:8:      layout_rooms, serial_bayou_lagoon_b, uniq_pikel, uniq_erica
Temple:   kilobyte_greek_temple

Skill      XL: |  1  2  3  4  5  6  7  8  9 |
---------------+----------------------------+-----
Fighting       | 3 4 5 6 7 8 |  8.1
Long Blades    | 3 8 9 |  9.4
Short Blades   | 3 |  3.1
Staves         | 2 |  2.7
Throwing       | |  2.0
Dodging        | |  1.0
Stealth        | |  5.3

Action                   |  1- 3 |  4- 6 |  7- 9 || total
-------------------------+-------+-------+-------++-------
Melee: Dagger            |    45 |    38 |       ||    83
       Constrict         |     9 |    24 |    29 ||    62
       Tentacles         |     6 |    17 |    26 ||    49
       Scimitar          |       |    56 |   106 ||   162
       Short sword       |       |       |    24 ||    24
       Quarterstaff      |       |       |    18 ||    18
       Kick              |       |       |     6 ||     6
Throw: Dart              |     7 |    14 |    35 ||    56
Evoke: Wand              |       |       |     1 ||     1
  Use: Scroll            |       |     3 |     7 ||    10
       Potion            |       |     1 |     2 ||     3
 Stab: Sleeping          |     5 |    10 |     2 ||    17
Armor: Skin              |     3 |     8 |    47 ||    58
Dodge: Dodged            |    26 |    44 |    78 ||   148
       Rpst.: Scimitar   |       |     9 |    19 ||    28
